 Dungeon Crawl Stone Soup version 0.17-a0-121-gf94917f (webtiles) character file.

124 DEFE the Slasher (level 5, -3/28 HPs)
             Began as a Vine Stalker Abyssal Knight on Mar 22, 2015.
             Was a Believer of Lugonu.
             Slain by Ngotmuk's ghost (10 damage)
             ... on level 4 of the Dungeon.
             The game lasted 00:05:16 (2054 turns).

DEFE the Slasher (Vine Stalker Abyssal Knight)      Turns: 2054, Time: 00:05:16

Health: -3/28      AC:  5    Str: 20    XL:     5   Next: 8%
Magic:  0/8        EV: 11    Int: 12    God:    Lugonu [**....]
Gold:   107        SH:  0    Dex: 14    Spells: 0 memorised, 4 levels left

rFire  . . .     SeeInvis .     a - +1 falchion
rCold  . . .     Clarity  .     b - +0 leather armour
rNeg   . . .     SustAb   .     (no shield)
rPois  .         Gourm    .     (no helmet)
rElec  .         Spirit   +     o - +1 cloak
rCorr  .         Warding  .     (no gloves)
rMut   .         Stasis   .     (no boots)
MR     .....                    (no amulet)
Stlth  +.........               (no ring)
                                (no ring)

@: mighty, not resistant to hostile enchantments, very unstealthy
A: fangs 2, regeneration 1, magic shield, antimagic bite, no device heal 3, rot
immunity
a: Depart the Abyss, Bend Space, Renounce Religion


You were on level 4 of the Dungeon.
You worshipped Lugonu.
Lugonu was pleased with you.
You were hungry.

You visited 1 branch of the dungeon, and saw 4 of its levels.
You visited the Abyss 1 time.

You collected 107 gold pieces.

Inventory:

Hand weapons
 a - a +1 falchion (weapon)
Armour
 b - a +0 leather armour (worn)
 o - a +1 cloak (worn)
Scrolls
 g - a scroll of teleportation
 k - 4 scrolls of fear
 n - 2 scrolls of remove curse {unknown}
 p - 2 scrolls of recharging {unknown}
 r - a scroll of magic mapping {unknown}
Potions
 d - a potion of invisibility
 h - a potion of curing
 l - 3 potions of might
 m - a potion of haste {unknown}
 s - a potion of flight {unknown}
 t - a potion of brilliance {unknown}
Books
 q - a book of the Sky

   Spells                             Type                      Level
   a - Flight                         Charms/Air                   3
   b - Airstrike                      Air                          4
   c - Silence                        Hexes/Air                    5
   d - Deflect Missiles               Charms/Air                   6
   e - Conjure Ball Lightning         Conjuration/Air              6
   f - Tornado                        Air                          9
Comestibles
 c - 3 bread rations
 i - a beef jerky
 j - a meat ration


   Skills:
 + Level 3.1 Fighting
 * Level 3.3 Long Blades
 + Level 2.0 Armour
 + Level 1.3 Dodging
 + Level 2.5 Invocations


You had 4 spell levels left.
You didn't know any spells.

Dungeon Overview and Level Annotations

Branches:
Dungeon (4/15)
 Temple: D:4-7

Altars:
Dithmenos
Yredelemnul

Annotations:
D:4 Ngotmuk's ghost, experienced DDFi


Innate Abilities, Weirdness & Mutations

You have extremely sharp teeth.
Your natural rate of healing is unusually fast.
When hurt, damage is shared between your health and your magic reserves.
Your bite disrupts and absorbs the magic of your enemies.
Potions and wands cannot restore your health.
You are immune to rotting.


Message History

It was a potion of cancellation.
You feel magically purged. Ngotmuk's ghost hits you!
Unknown command.
Drink which item? (? for menu, Esc to quit)
It was a potion of curing.
You feel better. Ngotmuk's ghost hits you.
Drink which item? (? for menu, Esc to quit)
It was a potion of might.
You feel very mighty all of a sudden. Ngotmuk's ghost hits you.
You slash Ngotmuk's ghost!! You bite Ngotmuk's ghost. You drain its power.
You feel invigorated.
Ngotmuk's ghost is heavily damaged.
Ngotmuk's ghost hits you!
* * * LOW HITPOINT WARNING * * *
You hit Ngotmuk's ghost but do no damage.
Your bite misses Ngotmuk's ghost.
Ngotmuk's ghost is heavily damaged.
Ngotmuk's ghost says, "You can hit me, but you can't hurt me."
Ngotmuk's ghost hits you!
You die...

#.### ######.####
#.........#
#.........#
#.........#
#####.#####
...#####....# ####
#.......#### ....#
...#.....@WS##......#
#.######l......... ..
##......... .
#........ #........
#........ ##......
#.... #..


You could see Ngotmuk's ghost, a giant gecko and a ball python.

Vanquished Creatures
  Jessica (D:2)
  4 adders
  A worm (D:2)
  4 giant geckos
  2 oozes
  An orc (D:3)
  A ball python (D:2)
  10 hobgoblins
  4 jackals (D:2)
  4 kobolds
  8 bats
  2 giant cockroaches
  4 giant newts
  2 gnoll zombies (D:3)
  3 goblins
  A quokka (D:2)
  7 rats
59 creatures vanquished.

Notes
Turn   | Place    | Note
--------------------------------------------------------------
     0 | Abyss:1  | DEFE, the Vine Stalker Abyssal Knight, began the quest for the Orb.
     0 | Abyss:1  | Reached XP level 1. HP: 11/11 MP: 1/1
    28 | D:1      | Escaped the Abyss
   129 | D:1      | Reached skill level 1 in Dodging
   129 | D:1      | Reached XP level 2. HP: 16/16 MP: 3/3
   396 | D:1      | Reached XP level 3. HP: 17/19 MP: 4/4
   627 | D:2      | Reached skill level 3 in Fighting
   751 | D:2      | Noticed Jessica
   765 | D:2      | HP: 1/20 [something (2)]
   808 | D:2      | Killed Jessica
   808 | D:2      | Reached XP level 4. HP: 15/24 MP: 6/6
  1003 | D:2      | Acquired Lugonu's second power
  1705 | D:3      | Reached XP level 5. HP: 28/28 MP: 8/8
  1780 | D:3      | Found a shadowy altar of Dithmenos.
  1912 | D:3      | Found a basalt altar of Yredelemnul.
  2043 | D:4      | Noticed Ngotmuk's ghost (experienced DDFi)
  2054 | D:4      | Slain by Ngotmuk's ghost

Action                   |  1- 3 |  4- 6 || total
-------------------------+-------+-------++-------
Melee: Falchion          |    73 |    55 ||   128
  Use: Potion            |     1 |     4 ||     5
       Scroll            |       |     2 ||     2
  Eat: Chunk             |       |     3 ||     3
